 Dungeon Crawl Stone Soup version 0.25-a0-665-ga69d64035b (webtiles) character file.

Game seed: 16684919326291245025, levelgen mode: deterministic

317 Error4North the Covered (level 6, -3/53 HPs)
             Began as a Hill Orc Fighter on Mar 26, 2020.
             Slain by an ogre
             ... wielding a +0 giant spiked club
              (9 damage)
             ... on level 5 of the Dungeon.
             The game lasted 00:12:28 (4600 turns).

Error4North the Covered (Hill Orc Fighter)          Turns: 4600, Time: 00:12:28

Health: -3/53      AC: 13    Str: 21    XL:     6   Next: 45%
Magic:  15/15      EV:  4    Int:  8    God:
Gold:   179        SH:  9    Dex: 10    Spells: 5/5 levels left

rFire    . . .     SeeInvis .   a - +0 war axe
rCold    . . .     Gourm    .   c - +0 kite shield
rNeg     . . .     Faith    .   h - +0 plate armour
rPois    .         Spirit   .   (no helmet)
rElec    .         Reflect  .   (no cloak)
rCorr    .         Harm     .   (no gloves)
MR       .....                  m - +0 pair of boots
Stlth    ..........             (no amulet)
HPRegen  0.17/turn              j - ring of magical power
MPRegen  0.14/turn              (no ring)

@: no status effects
A: no striking features
a: no special abilities


You were on level 5 of the Dungeon.
You were not hungry.

You visited 1 branch of the dungeon, and saw 5 of its levels.

You collected 179 gold pieces.

Inventory:

Hand Weapons
 a - a +0 war axe (weapon)
Armour
 c - a +0 kite shield (worn)
 h - a +0 plate armour (worn)
 m - a +0 pair of boots (worn)
Jewellery
 j - a ring of magical power (left hand)
Scrolls
 e - 4 scrolls of identify {unknown}
 i - 7 scrolls of remove curse
 o - 2 scrolls of amnesia {unknown}
 p - 4 scrolls of teleportation {unknown}
 q - a scroll of noise {unknown}
 r - 2 scrolls of blinking {unknown}
 s - a scroll of fog {unknown}
Potions
 b - a potion of magic {unknown}
 d - a potion of might
 g - 9 potions of curing {unknown}
 k - a potion of heal wounds {unknown}
 l - a potion of brilliance {unknown}
 n - a potion of mutation {unknown}
 t - a potion of flight {unknown}
Comestibles
 f - 14 rations


   Skills:
 * Level 4.6 Fighting
 + Level 4.0 Axes
 * Level 5.6 Armour
 + Level 0.5 Dodging
 * Level 4.8 Shields


You had 5 spell levels left.
You didn't know any spells.
Your spell library was empty.

Dungeon Overview and Level Annotations

Branches:
Dungeon (5/15)
 Temple: D:4-7

Altars:
Gozag
Makhleb
Wu Jian
Xom

Shops:
D:4 (


Message History

There is a stone staircase leading down here.
Things that are here:
a +0 dagger; a +0 robe; an orc corpse
Things that are here:
a +0 dagger; a +0 robe; an orc corpse
There is a stone staircase leading down here.
You climb downwards.
The ogre hits you with a +0 giant spiked club!
There is a stone staircase leading up, spattered with blood here.
Your plate armour prevents you from hitting the ogre.
The ogre hits you with a +0 giant spiked club!
An adder zombie comes into view.
You hit the ogre.
The ogre is lightly wounded.
The ogre hits you with a +0 giant spiked club!!
* * * LOW HITPOINT WARNING * * *
You slash the ogre!
The ogre is heavily wounded.
The ogre hits you with a +0 giant spiked club!
You die...

.....## ..
..## #.
.#...# .
#....# ##.
#.#..####
...+##.......
#.$.#..O#
#.....@.#
#.......#
#......##
#Z..#.##
....+##..#
.... #.## ...
#.. #. .#.. .
. ..


You could see an ogre and an adder zombie.

Vanquished Creatures
  A howler monkey (D:4)
  A crimson imp (D:4)
  A hound (D:3)
  An orc priest (D:4)
  2 orc wizards (D:4)
  6 adders
  An ooze (D:4)
  A dart slug (D:1)
  2 leopard geckos
  2 orcs (D:4)
  9 bats
  A bat zombie (D:2)
  4 giant cockroaches
  3 goblins
  11 hobgoblins
  A quokka (D:2)
  A ball python (D:2)
  2 frilled lizards
  13 kobolds
  7 rats
70 creatures vanquished.

Notes
Turn   | Place    | Note
-------+----------+-------------------------------------------
     0 | D:1      | Error4North the Hill Orc Fighter began the quest for the
                  | Orb.
     0 | D:1      | Reached XP level 1. HP: 19/19 MP: 1/1
   108 | D:1      | Reached XP level 2. HP: 20/27 MP: 2/2
   743 | D:1      | Reached XP level 3. HP: 30/33 MP: 3/3
  1514 | D:2      | Reached skill level 4 in Armour
  1514 | D:2      | Reached XP level 4. HP: 37/40 MP: 4/4
  1517 | D:2      | Found an opulent altar of Gozag.
  1519 | D:2      | Found an ornate altar of the Wu Jian Council.
  1753 | D:2      | Found a shimmering altar of Xom.
  2493 | D:3      | Found a faded altar of an unknown god.
  2686 | D:3      | Reached XP level 5. HP: 40/46 MP: 5/5
  3162 | D:3      | Found a burning altar of Makhleb.
  4333 | D:4      | Reached skill level 5 in Armour
  4333 | D:4      | Reached XP level 6. HP: 51/52 MP: 6/6
  4420 | D:4      | Found Hudu's Antique Weapon Emporium.
  4569 | D:5      | Entered Level 5 of the Dungeon
  4600 | D:5      | Slain by an ogre

Levels and vault maps discovered:
D:1:      dpeg_arrival_windows_large_door, layout_loops_corners
D:2:      layout_basic, chequers_temple_overflow_statue_of_worship,
          first_ration, tgw_xom
D:3:      layout_basic, chequers_ecumenical_altar_island,
          makhleb_blood_cavern_becter
D:4:      layout_basic, serial_shops, kennysheep_little_box
D:5:      layout_loops_cross, grunt_temple_overflow_open,
          minmay_fractal_squares_diagonal_5

Skill      XL: |  1  2  3  4  5 |
---------------+----------------+-----
Shields        | 4 |  4.8
Axes           | 3 4 |  4.0
Armour         | 4 5 |  5.6
Fighting       | 4 |  4.6
Dodging        | |  0.5

Action                   |  1- 3 |  4- 6 || total
-------------------------+-------+-------++-------
Melee: War axe           |   193 |   165 ||   358
  Use: Scroll            |       |     1 ||     1
  Eat: Chunk             |     2 |     7 ||     9
       Ration            |       |     1 ||     1
Armor: Scale mail        |    15 |       ||    15
       Plate armour      |   126 |   104 ||   230
Dodge: Dodged            |    36 |    27 ||    63
Block: Kite shield       |   131 |    91 ||   222

Table legend:
 A = Non-vault XP
 B = Vault XP
 C = Vault XP percentage of total XP
 D = Non-vault monster count
 E = Vault monster count
 F = Vault count percentage of total count
                 A         B        C        D         E       F
            +---------+---------+-------+---------+---------+-------
      Total |     310 |     144 |  31.7 |      61 |       9 |  12.9
            +---------+---------+-------+---------+---------+-------
        D:1 |      51 |       0 |   0.0 |      29 |       0 |   0.0
        D:2 |      57 |       9 |  13.6 |      14 |       6 |  30.0
        D:3 |      54 |      45 |  45.5 |      12 |       1 |   7.7
        D:4 |     148 |      90 |  37.8 |       6 |       2 |  25.0
            +---------+---------+-------+---------+---------+-------
